 Dungeon Crawl Stone Soup version 0.31-a0-152-g6aa68a64a1 (webtiles) character file.

Game seed: 13632249648960898944

3115 qw the Skirmisher (level 9, -11/79 HPs)
             Began as a Minotaur Hunter on June 9, 2023.
             Mangled by a death yak (24 damage)
             ... on level 8 of the Dungeon.
             The game lasted 00:02:54 (6789 turns).

qw the Skirmisher (Minotaur Hunter)                 Turns: 6789, Time: 00:02:54

Health: -11/79     AC:  7    Str: 21    XL:     9   Next: 60%
Magic:  8/8        EV: 17    Int:  6    God:
Gold:   227        SH:  0    Dex: 25    Spells: 8/8 levels left

rFire   . . .        Y - +2 shortbow (drain)
rCold   . . .        (shield currently unavailable)
rNeg    + . .        n - +2 leather armour {rN+}
rPois   .            f - +1 hat
rElec   .            (no cloak)
rCorr   .            j - +0 pair of gloves
SInv    .            (no boots)
Will    .....        (no amulet)
Stlth   ++           a - +6 ring of strength
HPRegen 0.33/turn    d - +6 ring of dexterity
MPRegen 0.11/turn

%: no passive effects
@: no status effects
A: horns 2, retaliatory headbutt
a: no special abilities


You were on level 8 of the Dungeon.
You visited 2 branches of the dungeon, and saw 9 of its levels.

You collected 320 gold pieces.
You spent 93 gold pieces at shops.


Innate Abilities, Weirdness & Mutations

You have a pair of horns on your head.
You reflexively headbutt those who attack you in melee.


   Skills:
 + Level 7.2 Fighting
 - Level 12.4 Ranged Weapons
 - Level 3.1 Armour
 - Level 6.1 Dodging
 - Level 0.7 Stealth


You had 8 spell levels left.
You didn't know any spells.
Your spell library was empty.

Inventory:

Hand Weapons
 Y - a +2 shortbow of draining (weapon)
Armour
 f - a +1 hat (worn)
 g - a +0 cloak
 j - a +0 pair of gloves (worn)
 n - a +2 leather armour of positive energy (worn)
Jewellery
 a - a +6 ring of strength (left hand)
 d - a +6 ring of dexterity (right hand)
Wands
 p - a wand of digging (5)
Scrolls
 b - a scroll of identify
 e - a scroll of teleportation
Potions
 c - 2 potions of curing
 i - 3 potions of might
 l - a potion of cancellation
 o - a potion of mutation

Dungeon Overview and Level Annotations

Branches:
Dungeon (8/15)             Temple (1/1) D:5
   Lair: D:8-11

Altars:
Ashenzari
Cheibriados
Dithmenos
Elyvilon
Fedhas
Gozag
Hepliaklqana
Kikubaaqudgha
Nemelex Xobeh
Okawaru
Qazlal
Ru
Sif Muna
Trog
Uskayaw
Vehumet
Wu Jian
Xom
The Shining One

Shops:
D:2 ?   D:7 =**

Annotations:
D:2 1 runed translucent door, Crazy Yiuf
D:6 2 transporters


Message History

You shoot an arrow. The arrow hits the death yak.
The death yak is heavily wounded.
You shoot an arrow. The arrow hits the death yak.
The death yak is heavily wounded.
You shoot an arrow. The arrow hits the death yak!
The death yak is heavily wounded.
You shoot an arrow. The arrow hits the death yak.
You drain the death yak.
The death yak is severely wounded.
You shoot an arrow. The death yak bellows!
The arrow hits the death yak but does no damage.
The death yak is severely wounded.
You shoot an arrow.
The arrow hits the death yak but does no damage.
The death yak is heavily wounded.
You shoot an arrow. The arrow hits the death yak.
The death yak is severely wounded.
The death yak gores you.
The death yak gores you but does no damage.
You shoot an arrow. The death yak bellows!
The arrow hits the death yak.
You drain the death yak.
The death yak is severely wounded.
You shoot an arrow. The arrow hits the death yak!
The death yak is almost dead.
The death yak gores you! The death yak gores you.
You shoot an arrow.
The arrow hits the death yak but does no damage.
You drain the death yak.
The death yak is almost dead.
The death yak gores you but does no damage.
You shoot an arrow.
The arrow hits the death yak but does no damage.
The death yak is almost dead.
The death yak misses you. The death yak gores you!!
You shoot an arrow. The arrow hits the death yak.
You drain the death yak.
The death yak is almost dead.
The death yak gores you!! The death yak closely misses you.
The death yak gores you!!
You die...

..... .... ... ...
#'# #>#
#############Y####.#.
#............@YYYY.Y.
#.###########Y######.
..## #.# #.# #.Y #.#
#.. .... #.# ####
#### #.# #.# #.# #.#


You could see 7 death yaks.

Vanquished Creatures
  Maurice (D:8)
  Psyche (D:8)
  A slime creature (D:7)
  Edmund (D:6)
  2 water moccasins
  An orc warrior (D:7)
  Pargi (D:3)
  2 ice beasts
  A sky beast (D:7)
  A black bear (D:5)
  2 ogres
  A centaur (D:6)
  2 bullfrogs
  A kobold brigand (D:8)
  A scorpion (D:4)
  An electric eel (D:7)
  4 hounds
  4 orc priests
  A gnoll bouda (D:5)
  3 sleepcaps
  4 iguanas
  11 orc wizards
  4 gnolls
  6 adders
  A shadow imp (D:7)
  2 white imps
  4 worms
  3 dart slugs
  28 orcs
  6 ball pythons
  6 bats
  5 endoplasms
  4 giant cockroaches
  7 goblins
  13 hobgoblins
  8 jackals
  13 kobolds
  5 quokkas
  3 frilled lizards
  6 rats
171 creatures vanquished.

Notes
Turn   | Place    | Note
-------+----------+-------------------------------------------
     0 | D:1      | qw the Minotaur Hunter began the quest for the Orb.
     0 | D:1      | Reached XP level 1. HP: 18/18 MP: 0/0
     0 | D:1      | 0 ||| qw: Version: 0.2-a-122-gbc61b45
     0 | D:1      | 0 ||| qw: Game counter: 3479
     0 | D:1      | 0 ||| qw: Always use a shield: true
     0 | D:1      | 0 ||| qw: God list: Okawaru
     0 | D:1      | 0 ||| qw: Allow faded altars: false
     0 | D:1      | 0 ||| qw: Do Orc after D:15 true
     0 | D:1      | 0 ||| qw: Do second Lair branch before Depths: true
     0 | D:1      | 0 ||| qw: Lair rune preference: random
     0 | D:1      | 0 ||| qw: Plans: Normal
     0 | D:1      | 0 ||| PLANNING D:1-11
    57 | D:1      | Reached skill level 5 in Ranged Weapons
    57 | D:1      | Reached XP level 2. HP: 25/25 MP: 1/1
   112 | D:1      | Reached skill level 3 in Fighting
   181 | D:1      | Reached XP level 3. HP: 31/31 MP: 2/2
   700 | D:1      | 700 ||| READING scroll labelled DIODDA JEXZA.
   701 | D:1      | 701 ||| READING scroll labelled ELURCH KOICIR.
   702 | D:1      | 702 ||| READING scroll labelled PEQOLO GISK.
   703 | D:1      | 703 ||| READING scroll labelled BIOREPT SEYRUY.
   704 | D:1      | 704 ||| READING scroll labelled FAFIKU RECKUO.
   705 | D:1      | 705 ||| DROPPING scroll of butterflies.
   707 | D:1      | 707 ||| Stepping ~*~*~tactically~*~*~ (cloud).
   863 | D:2      | Found Heprun's Magic Scroll Emporium.
   878 | D:2      | 878 ||| SHOPLISTING scroll of enchant weapon (105 gold,
                  | have 36).
   878 | D:2      | 878 ||| BUYING scroll of identify (28 gold).
   878 | D:2      | Bought a scroll of identify for 28 gold pieces
   878 | D:2      | 878 ||| SHOPLISTING scroll of identify (28 gold, have 8).
   936 | D:2      | Reached XP level 4. HP: 38/38 MP: 3/3
   993 | D:2      | Reached skill level 6 in Ranged Weapons
  1018 | D:2      | 1018 ||| FLEEEEING.
  1019 | D:2      | 1019 ||| FLEEEEING.
  1020 | D:2      | 1020 ||| FLEEEEING.
  1021 | D:2      | 1021 ||| FLEEEEING.
  1022 | D:2      | 1022 ||| FLEEEEING.
  1023 | D:2      | 1023 ||| FLEEEEING.
  1024 | D:2      | 1024 ||| FLEEEEING.
  1025 | D:2      | 1025 ||| FLEEEEING.
  1026 | D:2      | 1026 ||| FLEEEEING.
  1032 | D:2      | 1032 ||| FLEEEEING.
  1039 | D:2      | 1039 ||| FLEEEEING.
  1040 | D:2      | 1040 ||| FLEEEEING.
  1041 | D:2      | 1041 ||| FLEEEEING.
  1042 | D:2      | 1042 ||| FLEEEEING.
  1043 | D:2      | 1043 ||| FLEEEEING.
  1044 | D:2      | 1044 ||| FLEEEEING.
  1055 | D:2      | 1055 ||| FLEEEEING.
  1056 | D:2      | 1056 ||| FLEEEEING.
  1057 | D:2      | 1057 ||| FLEEEEING.
  1256 | D:2      | Found a runed translucent door.
  1257 | D:2      | Noticed Crazy Yiuf
  1604 | D:2      | 1604 ||| UPGRADING to +6 ring of strength.
  1605 | D:2      | 1605 ||| READING scroll labelled MIM VODIRRUOXO.
  1606 | D:2      | 1606 ||| READING scroll labelled ONTAEBROASSE.
  1929 | D:3      | Found an ornate altar of the Wu Jian Council.
  2031 | D:3      | Noticed Pargi
  2040 | D:3      | Killed Pargi
  2041 | D:3      | Reached skill level 7 in Ranged Weapons
  2041 | D:3      | Reached XP level 5. HP: 46/46 MP: 4/4
  2043 | D:3      | 2043 ||| READING scroll of enchant weapon.
  2043 | D:3      | 2043 ||| ENCHANTING +1 shortbow of draining.
  2175 | D:3      | 2175 ||| UPGRADING to +1 hat.
  2180 | D:3      | 2180 ||| UPGRADING to +0 ring mail.
  2190 | D:3      | 2190 ||| DROPPING +0 leather armour.
  2191 | D:3      | 2191 ||| READING scroll labelled IDAYPT ELYO.
  2192 | D:3      | 2192 ||| READING 3 scrolls of identify.
  2192 | D:3      | 2192 ||| IDENTIFYING yellow potion
  2193 | D:3      | 2193 ||| READING 2 scrolls of identify.
  2193 | D:3      | 2193 ||| IDENTIFYING inky potion
  2194 | D:3      | 2194 ||| DROPPING potion of magic.
  2215 | D:4      | 2215 ||| PLANNING SEWER
  2264 | D:4      | Reached skill level 1 in Armour
  2537 | D:4      | Reached XP level 6. HP: 52/52 MP: 5/5
  2539 | D:4      | 2539 ||| READING scroll labelled YJU JAZAON.
  2540 | D:4      | 2540 ||| READING 3 scrolls of identify.
  2540 | D:4      | 2540 ||| IDENTIFYING ruby potion
  2673 | D:4      | Found an opulent altar of Gozag.
  2845 | D:4      | 2845 ||| RIP SEWER
  2883 | D:4      | 2883 ||| PLANNING D:1-11
  2888 | D:4      | 2888 ||| FLEEEEING.
  2890 | D:4      | 2890 ||| FLEEEEING.
  2891 | D:4      | 2891 ||| FLEEEEING.
  2892 | D:4      | 2892 ||| FLEEEEING.
  2893 | D:4      | 2893 ||| FLEEEEING.
  2895 | D:4      | 2895 ||| FLEEEEING.
  2896 | D:4      | 2896 ||| FLEEEEING.
  2897 | D:4      | 2897 ||| FLEEEEING.
  2898 | D:4      | 2898 ||| FLEEEEING.
  2899 | D:4      | 2899 ||| FLEEEEING.
  2903 | D:4      | 2903 ||| FLEEEEING.
  2907 | D:4      | 2907 ||| FLEEEEING.
  2908 | D:4      | 2908 ||| FLEEEEING.
  2909 | D:4      | 2909 ||| FLEEEEING.
  2910 | D:4      | 2910 ||| FLEEEEING.
  2911 | D:4      | 2911 ||| FLEEEEING.
  2912 | D:4      | 2912 ||| FLEEEEING.
  2915 | D:4      | 2915 ||| FLEEEEING.
  2916 | D:4      | 2916 ||| FLEEEEING.
  2917 | D:4      | 2917 ||| FLEEEEING.
  2921 | D:4      | 2921 ||| FLEEEEING.
  2922 | D:4      | 2922 ||| FLEEEEING.
  2923 | D:4      | 2923 ||| FLEEEEING.
  2937 | D:4      | 2937 ||| FLEEEEING.
  2938 | D:4      | 2938 ||| FLEEEEING.
  2939 | D:4      | 2939 ||| STAIRDANCE
  2991 | D:3      | 2991 ||| UPGRADING to +6 ring of dexterity.
  2992 | D:3      | 2992 ||| READING 2 scrolls of identify.
  2992 | D:3      | 2992 ||| IDENTIFYING grey potion
  2993 | D:3      | 2993 ||| DROPPING potion of brilliance.
  2998 | D:4      | 2998 ||| STAIRDANCE
  3278 | D:5      | Entered Level 5 of the Dungeon
  3399 | D:5      | Reached skill level 3 in Dodging
  3514 | D:5      | Reached skill level 8 in Ranged Weapons
  3565 | D:5      | Found a staircase to the Ecumenical Temple.
  3566 | D:5      | 3566 ||| PLANNING TEMPLE
  3570 | D:5      | 3570 ||| UPGRADING to +0 pair of gloves.
  3575 | D:5      | 3575 ||| READING scroll labelled ETRUNE XUF LUB.
  3583 | Temple   | Entered the Ecumenical Temple
  3741 | Temple   | 3741 ||| PLANNING D:1-11
  3765 | D:5      | Found an iron altar of Okawaru.
  3766 | D:5      | 3766 ||| PLANNING OKAWARU WORSHIP
  3777 | D:5      | Reached XP level 7. HP: 60/60 MP: 6/6
  3990 | D:5      | Found a shimmering altar of Xom.
  4016 | D:5      | Reached skill level 3 in Armour
  4017 | D:5      | Found a glowing golden altar of the Shining One.
  4453 | D:5      | 4453 ||| READING 2 scrolls of identify.
  4453 | D:5      | 4453 ||| IDENTIFYING green potion
  4454 | D:5      | 4454 ||| PLANNING D:1-11
  4455 | D:5      | 4455 ||| PLANNING OKAWARU WORSHIP
  4465 | D:5      | 4465 ||| PLANNING D:1-11
  4494 | D:6      | Reached skill level 9 in Ranged Weapons
  4535 | D:6      | Reached XP level 8. HP: 69/69 MP: 7/7
  4608 | D:6      | Reached skill level 6 in Fighting
  4609 | D:6      | Noticed Edmund
  4621 | D:6      | Killed Edmund
  4760 | D:6      | Found a transporter.
  4811 | D:6      | Found a transporter.
  4819 | D:6      | Reached skill level 10 in Ranged Weapons
  5023 | D:6      | Found a sacrificial altar of Ru.
  5080 | D:6      | 5080 ||| DROPPING scarf of invisibility.
  5081 | D:6      | 5081 ||| UPGRADING to +2 leather armour of positive energy.
  5091 | D:6      | 5091 ||| DROPPING +0 ring mail.
  5092 | D:6      | 5092 ||| READING 2 scrolls of identify.
  5092 | D:6      | 5092 ||| IDENTIFYING white potion
  5108 | D:7      | Found Degg's General Store.
  5108 | D:7      | Found Uvukekhla's Specific Store.
  5115 | D:7      | 5115 ||| BUYING potion of heal wounds (65 gold).
  5115 | D:7      | Bought a potion of heal wounds for 65 gold pieces
  5144 | D:7      | 5144 ||| Stepping ~*~*~tactically~*~*~ (outnumbered).
  5167 | D:7      | 5167 ||| Stepping ~*~*~tactically~*~*~ (outnumbered).
  5509 | D:7      | Noticed a slime creature
  5510 | D:7      | 5510 ||| Stepping ~*~*~tactically~*~*~ (outnumbered).
  5517 | D:7      | Reached XP level 9. HP: 40/79 MP: 8/8
  5520 | D:7      | 5520 ||| FLEEEEING.
  5521 | D:7      | 5521 ||| FLEEEEING.
  5522 | D:7      | 5522 ||| FLEEEEING.
  5523 | D:7      | 5523 ||| FLEEEEING.
  5529 | D:7      | HP: 17/79 [orc warrior/+0 trident (8)]
  5530 | D:7      | 5530 ||| READING 2 scrolls of teleportation.
  5531 | D:7      | 5531 ||| DRINKING 2 potions of heal wounds.
  5788 | D:7      | Reached skill level 6 in Dodging
  5855 | D:7      | Found Kyhiwer's Jewellery Boutique.
  5861 | D:7      | Reached skill level 11 in Ranged Weapons
  5869 | D:7      | 5869 ||| SHOPLISTING +6 ring of dexterity (396 gold, have
                  | 182).
  5869 | D:7      | 5869 ||| SHOPLISTING amulet of faith (440 gold, have 182).
  5869 | D:7      | 5869 ||| SHOPLISTING amulet of reflection (330 gold, have
                  | 182).
  5869 | D:7      | 5869 ||| SHOPLISTING amulet of regeneration (330 gold, have
                  | 182).
  5869 | D:7      | 5869 ||| SHOPLISTING ring of ice (275 gold, have 182).
  5869 | D:7      | 5869 ||| SHOPLISTING ring of protection from cold (275
                  | gold, have 182).
  5869 | D:7      | 5869 ||| SHOPLISTING ring of protection from fire (275
                  | gold, have 182).
  5951 | D:7      | 5951 ||| READING scroll labelled PEMEOR PUWNI.
  6052 | D:7      | 6052 ||| READING scroll labelled EHILEKKOME.
  6053 | D:7      | 6053 ||| READING 3 scrolls of identify.
  6053 | D:7      | 6053 ||| IDENTIFYING fizzy pink potion
  6054 | D:7      | 6054 ||| READING 2 scrolls of identify.
  6054 | D:7      | 6054 ||| IDENTIFYING metallic grey potion
  6055 | D:7      | 6055 ||| DROPPING potion of lignification.
  6246 | D:8      | Noticed Maurice
  6249 | D:8      | 6249 ||| FLEEEEING.
  6250 | D:8      | 6250 ||| FLEEEEING.
  6251 | D:8      | 6251 ||| FLEEEEING.
  6252 | D:8      | 6252 ||| FLEEEEING.
  6253 | D:8      | 6253 ||| FLEEEEING.
  6264 | D:8      | 6264 ||| FLEEEEING.
  6265 | D:8      | 6265 ||| FLEEEEING.
  6266 | D:8      | 6266 ||| FLEEEEING.
  6267 | D:8      | 6267 ||| FLEEEEING.
  6268 | D:8      | 6268 ||| FLEEEEING.
  6280 | D:8      | Killed Maurice
  6327 | D:8      | Noticed Psyche
  6336 | D:8      | Killed Psyche
  6337 | D:8      | Reached skill level 12 in Ranged Weapons
  6375 | D:8      | Noticed a death yak
  6379 | D:8      | Noticed a death yak
  6380 | D:8      | Noticed a death yak
  6385 | D:8      | Noticed a death yak
  6389 | D:8      | Noticed a death yak
  6390 | D:8      | Noticed a death yak
  6390 | D:8      | Noticed a death yak
  6391 | D:8      | Noticed a death yak
  6394 | D:8      | HP: 19/79 [death yak (3)]
  6395 | D:8      | 6395 ||| READING scroll of teleportation.
  6395 | D:8      | HP: 1/79 [death yak (18)]
  6396 | D:8      | 6396 ||| DRINKING 2 potions of heal wounds.
  6397 | D:8      | 6397 ||| DRINKING potion of heal wounds.
  6549 | D:8      | 6549 ||| Stepping ~*~*~tactically~*~*~ (outnumbered).
  6789 | D:8      | HP: 13/79 [death yak (22)]
  6789 | D:8      | Mangled by a death yak

Levels and vault maps discovered:
D:1:      lightli_arrival_flooded_house, layout_loops_ring, minmay_bisected
D:2:      layout_basic, serial_shops, shop, uniq_crazy_yiuf_cottage
D:3:      layout_basic, pdpol_wu_jian_five_deadly_venoms, glass_columns_a,
          kennysheep_nondescript, patterned_corridor, uniq_pargi
D:4:      layout_basic, nicolae_overflow_crystal_walls, serial_co_window_serial,
          co_window_corner_a, co_window_of_opportunity_a, co_window_paths_a,
          co_window_paths_b, co_window_corner_a, co_window_paths_a,
          co_window_paths_b, co_window_paths_a, co_window_paths_b,
          co_window_broadway_b, co_window_corner_cb, co_window_of_opportunity_b,
          co_window_broadway_b, glass_columns_a, glass_columns_b,
          glass_columns_a, glass_columns_b, gup_sewer_entry_glass,
          kennysheep_doodads
D:5:      layout_basic, general_overflow_altar,
          mainiacjoe_overflow_six_doors_small, lemuel_coloured_pillars_altar,
          minmay_temple_entry_drinking_statues
D:6:      gammafunk_steamed_eel, layout_cave_pools, kennysheep_mini_moat,
          uniq_edmund
D:7:      layout_basic, serial_shops, shop, minivault_4, nicolae_specific_store,
          minmay_manual_monstrance
D:8:      layout_basic, lightli_temple_of_fire, lemuel_zombie_altar_yredelemnul,
          dpeg_lair_monsters, uniq_psyche, uniq_maurice
Temple:   nicolae_temple_bog_church

Skill      XL: |  1  2  3  4  5  6  7  8  9 |
---------------+----------------------------+-----
Ranged Weapons | 5 7 8 9 10 12 | 12.4
Fighting       | 3 4 5 7 |  7.2
Armour         | 1 3 |  3.1
Dodging        | 3 4 5 6 |  6.1
Stealth        | |  0.7

Action                     |  1- 3 |  4- 6 |  7- 9 || total
---------------------------+-------+-------+-------++-------
   Fire: Shortbow          |   105 |   151 |   288 ||   544
    Use: Scroll            |     5 |    10 |     8 ||    23
         Potion            |       |       |     3 ||     3
 Armour: Leather armour    |     8 |     7 |    22 ||    37
         Ring mail         |       |     4 |    14 ||    18
  Dodge: Dodged            |    15 |    25 |    57 ||    97

Table legend:
 A = Non-vault XP
 B = Vault XP
 C = Vault XP percentage of total XP
 D = Non-vault monster count
 E = Vault monster count
 F = Vault count percentage of total count
                 A         B        C        D         E       F
            +---------+---------+-------+---------+---------+-------
      Total |    2657 |    1794 |  40.3 |     161 |      10 |   5.8
            +---------+---------+-------+---------+---------+-------
        D:1 |      65 |       2 |   3.0 |      29 |       1 |   3.3
        D:2 |      58 |       0 |   0.0 |      20 |       0 |   0.0
        D:3 |      50 |     130 |  72.2 |      23 |       1 |   4.2
        D:4 |     194 |       0 |   0.0 |      15 |       0 |   0.0
        D:5 |     687 |       0 |   0.0 |      29 |       0 |   0.0
        D:6 |     633 |     164 |  20.6 |      11 |       1 |   8.3
        D:7 |     719 |     670 |  48.2 |      17 |       5 |  22.7
        D:8 |     251 |     828 |  76.7 |      17 |       2 |  10.5
            +---------+---------+-------+---------+---------+-------
